 Dungeon Crawl Stone Soup version 0.31.0-11-ge490571c62 (webtiles) character file.

Game seed: 4935796231301955580

150 qw the Shooter (level 5, -7/26 HPs)
             Began as a Spriggan Hunter on Feb 3, 2024.
             Mangled by a gnoll
             ... wielding a +0 halberd
              (17 damage)
             ... on level 3 of the Dungeon.
             The game lasted 00:00:06 (1335 turns).

qw the Shooter (Spriggan Hunter)                    Turns: 1335, Time: 00:00:06

Health: -7/26      AC:  2    Str:  7    XL:     5   Next: 10%
Magic:  6/6        EV: 20    Int: 11    God:
Gold:   105        SH:  0    Dex: 20    Spells: 4/4 levels left

rFire   . . .        a - +1 shortbow
rCold   . . .        (shield currently unavailable)
rNeg    . . .        c - +0 robe
rPois   .            (helmet restricted)
rElec   .            (no cloak)
rCorr   .            (gloves unavailable)
SInv    +            (boots unavailable)
Will    .....        (no amulet)
Stlth   ++           (no ring)
HPRegen 0.24/turn    (no ring)
MPRegen 0.10/turn

%: no passive effects
@: very quick
A: very small, no large weapons, unfitting armour, see invisible, speed 3
a: no special abilities


You were on level 3 of the Dungeon.
You visited 1 branch of the dungeon, and saw 3 of its levels.

You collected 105 gold pieces.


Innate Abilities, Weirdness & Mutations

You are very small and have problems with some larger weapons.
You are too small for most types of armour.
You have supernaturally acute eyesight. (SInv)
You cover ground extremely quickly. (Speed+++)


   Skills:
 - Level 2.1 Fighting
 + Level 5.2 Ranged Weapons
 - Level 5.0 Dodging
 - Level 1.5 Stealth


You had 4 spell levels left.
You didn't know any spells.
Your spell library was empty.

Inventory:

Hand Weapons
 a - a +1 shortbow (weapon)
Armour
 c - a +0 robe (worn)
Scrolls
 f - a scroll of teleportation
 h - a scroll of enchant armour {unknown}
Potions
 b - a potion of curing {unknown}
 d - a potion of invisibility {unknown}
 e - a potion of heal wounds {unknown}
 g - a potion of ambrosia {unknown}

Dungeon Overview and Level Annotations

Branches:
Dungeon (3/15)

Altars:


Message History

You kill the gnoll!
The gnoll closely misses you.
You shoot an arrow. The arrow closely misses the gnoll.
The gnoll hits you from afar with a +0 halberd.
You shoot an arrow. The arrow hits the endoplasm.
The endoplasm is severely wounded.
The gnoll misses you. The endoplasm barely misses you.
You shoot an arrow. The arrow hits the endoplasm.
You kill the endoplasm!
The gnoll closely misses you.
You shoot an arrow. The arrow barely misses the gnoll.
The gnoll closely misses you.
You shoot an arrow.
The arrow hits the gnoll but does no damage.
The gnoll closely misses you.
You shoot an arrow. The arrow closely misses the gnoll.
The gnoll misses you.
A hobgoblin comes into view.
The gnoll misses you.
You shoot an arrow. The hobgoblin shouts!
The arrow hits the gnoll.
The gnoll is moderately wounded.
The gnoll hits you from afar with a +0 halberd.
You shoot an arrow. The arrow hits the gnoll.
The gnoll is moderately wounded.
The gnoll closely misses you.
You shoot an arrow. The arrow closely misses the gnoll.
The gnoll misses you.
You shoot an arrow. The arrow barely misses the gnoll.
The gnoll closely misses you.
You shoot an arrow.
The arrow hits the gnoll but does no damage.
The gnoll is moderately wounded.
The gnoll completely misses you.
You shoot an arrow. The arrow hits the hobgoblin.
The hobgoblin is almost dead.
The gnoll hits you from afar with a +0 halberd!
Ouch! That really hurt!
You die...

......
........#####..
######
#######...#
###.## #}.}#
##.## #}_}#
##[## #}.}#
##@## #)g).....
###g..#..
.#...# # ... ..
.


You could see a gnoll and a hobgoblin.

Vanquished Creatures
  Jessica (D:2)
  2 gnolls (D:3)
  5 adders
  2 dart slugs (D:2)
  A ribbon worm (D:2)
  9 endoplasms
  2 giant cockroaches (D:2)
  5 goblins
  2 hobgoblins (D:1)
  2 jackals (D:2)
  2 quokkas
  4 ball pythons
  6 bats
  A frilled lizard (D:1)
  9 kobolds
  A rat (D:3)
54 creatures vanquished.

Notes
Turn   | Place    | Note
-------+----------+-------------------------------------------
     0 | D:1      | qw the Spriggan Hunter began the quest for the Orb.
     0 | D:1      | Reached XP level 1. HP: 10/10 MP: 2/2
     0 | D:1      | 0 ||| qw: Version: 0.3-a-158-g18b3111
     0 | D:1      | 0 ||| qw: Game counter: 4118
     0 | D:1      | 0 ||| qw: Melee chars always use a shield: true
     0 | D:1      | 0 ||| qw: God list: Okawaru
     0 | D:1      | 0 ||| qw: Allow faded altars: false
     0 | D:1      | 0 ||| qw: Do Orc after clearing Dungeon:15 true
     0 | D:1      | 0 ||| qw: Do second Lair branch before Depths: true
     0 | D:1      | 0 ||| qw: Lair rune preference: random
     0 | D:1      | 0 ||| qw: Goals: Normal
     0 | D:1      | 0 ||| PLANNING D:1-11
    52 | D:1      | Reached skill level 3 in Dodging
   176 | D:1      | Reached XP level 2. HP: 14/14 MP: 3/3
   647 | D:1      | 647 ||| READING scroll labelled MAANO GE PAU.
   647 | D:1      | 647 ||| ENCHANTING +0 shortbow.
   648 | D:1      | 648 ||| READING 2 scrolls labelled TUOROK LAEDIATS.
   648 | D:1      | 648 ||| IDENTIFYING scroll labelled INUUCE TUIDA
   649 | D:1      | 649 ||| READING scroll of identify.
   649 | D:1      | 649 ||| IDENTIFYING scroll labelled GEYLIPT ZAKK
   650 | D:1      | 650 ||| DROPPING scroll of butterflies.
   651 | D:1      | 651 ||| DROPPING scroll of immolation.
   691 | D:2      | Reached XP level 3. HP: 18/18 MP: 4/4
   779 | D:2      | Noticed Jessica
   784 | D:2      | Killed Jessica
   785 | D:2      | Reached XP level 4. HP: 22/22 MP: 5/5
  1064 | D:2      | 1064 ||| FLEEEEING.
  1067 | D:2      | 1067 ||| FLEEEEING.
  1068 | D:2      | 1068 ||| FLEEEEING.
  1069 | D:2      | 1069 ||| FLEEEEING.
  1070 | D:2      | 1070 ||| FLEEEEING.
  1071 | D:2      | 1071 ||| FLEEEEING.
  1072 | D:2      | 1072 ||| FLEEEEING.
  1073 | D:2      | 1073 ||| FLEEEEING.
  1074 | D:2      | 1074 ||| FLEEEEING.
  1075 | D:2      | 1075 ||| FLEEEEING.
  1076 | D:2      | 1076 ||| FLEEEEING.
  1077 | D:2      | 1077 ||| FLEEEEING.
  1078 | D:2      | 1078 ||| FLEEEEING.
  1079 | D:2      | 1079 ||| FLEEEEING.
  1080 | D:2      | 1080 ||| FLEEEEING.
  1081 | D:2      | 1081 ||| FLEEEEING.
  1083 | D:2      | 1083 ||| FLEEEEING.
  1084 | D:2      | 1084 ||| FLEEEEING.
  1085 | D:2      | 1085 ||| FLEEEEING.
  1086 | D:2      | 1086 ||| FLEEEEING.
  1091 | D:2      | 1091 ||| FLEEEEING.
  1092 | D:2      | 1092 ||| FLEEEEING.
  1093 | D:2      | 1093 ||| FLEEEEING.
  1094 | D:2      | 1094 ||| FLEEEEING.
  1095 | D:2      | 1095 ||| FLEEEEING.
  1096 | D:2      | 1096 ||| FLEEEEING.
  1097 | D:2      | 1097 ||| FLEEEEING.
  1099 | D:2      | 1099 ||| FLEEEEING.
  1101 | D:2      | 1101 ||| FLEEEEING.
  1304 | D:3      | Found a faded altar of an unknown god.
  1320 | D:3      | Reached XP level 5. HP: 16/26 MP: 6/6
  1335 | D:3      | Mangled by a gnoll

Levels and vault maps discovered:
D:1:      co_arrival_random_square_maze, layout_basic
D:2:      layout_basic, uniq_jessica
D:3:      layout_rooms, mainiacjoe_overflow_catwalk,
          worldfamousw_hep_ancestral_shrine, ebering_ecumenical_altar_hall,
          nrook_uturn, st_stairs_14, minivault_11

Skill      XL: |  1  2  3  4 |
---------------+-------------+-----
Dodging        | 3 4 5 |  5.0
Ranged Weapons | 5 |  5.2
Fighting       | 2 |  2.1
Stealth        | |  1.5

Action                     |  1- 3 |  4- 6 || total
---------------------------+-------+-------++-------
   Fire: Shortbow          |    84 |    78 ||   162
    Use: Scroll            |     3 |       ||     3
 Armour: Robe              |     4 |    14 ||    18
  Dodge: Dodged            |    19 |    40 ||    59

Table legend:
 A = Non-vault XP
 B = Vault XP
 C = Vault XP percentage of total XP
 D = Non-vault monster count
 E = Vault monster count
 F = Vault count percentage of total count
                 A         B        C        D         E       F
            +---------+---------+-------+---------+---------+-------
      Total |     178 |      37 |  17.2 |      53 |       1 |   1.9
            +---------+---------+-------+---------+---------+-------
        D:1 |      28 |       0 |   0.0 |      18 |       0 |   0.0
        D:2 |      99 |      37 |  27.2 |      26 |       1 |   3.7
        D:3 |      51 |       0 |   0.0 |       9 |       0 |   0.0
            +---------+---------+-------+---------+---------+-------
